 Dungeon Sprint DCSS version 0.27-a0-1456-gf5a116941d (webtiles) character file.

Game seed: 13834305807287775112

9344 mhtbhm the Impaler (level 11, -17/97 (105) HPs)
             Began as a Vine Stalker Berserker on July 5, 2021.
             Was a High Priest of Trog.
             Killed from afar by a shadow dragon (33 damage)
             ... with a bolt of negative energy
             ... in the Dungeon (Sprint I: "Red Sonja").
             The game lasted 00:04:06 (1553 turns).

mhtbhm the Impaler (Vine Stalker Berserker)         Turns: 1553, Time: 00:04:07

HP:   -17/97 (105)  AC:  5    Str: 30    XL:     11   Next: 45%
MP:   0/12          EV: 15    Int:  7    God:    Trog [*****.]
Gold: 1149          SH:  0    Dex: 14    Spells: 10/10 levels left

rFire    + . .     SeeInvis .   a - +9 bardiche of Ancient Evil {vorpal, Str+7}
rCold    x . .     Faith    .   (shield currently unavailable)
rNeg     . . .     Spirit   +   b - +0 troll leather armour
rPois    +         Reflect  .   (no helmet)
rElec    .         Harm     .   (no cloak)
rCorr    .         Rampage  .   (no gloves)
Will     +....     NoTele   +   (no boots)
Stlth    ..........             (no amulet)
HPRegen  2.26/turn              j - ring of poison resistance
MPRegen  0.13/turn              m - ring of fire

@: berserking, drained, very quick
A: fangs 3, regeneration 1, magic shield, antimagic bite, no potion heal 2
a: Renounce Religion, Berserk, Trog's Hand, Brothers in Arms


You were in the Dungeon.
You worshipped Trog.
Trog was extremely pleased with you.
You visited 1 branch You collected 1974 gold pieces.
You spent 825 gold pieces at shops.

Inventory:

Hand Weapons
 a - the +9 bardiche of Ancient Evil (weapon) {vorpal, Str+7}
   (Trog gifted it to you in the Dungeon)

   It inflicts extra damage upon your enemies.
   Str:       It affects your strength (+7).
Armour
 b - a +0 troll leather armour (worn)
Jewellery
 j - a ring of poison resistance (left hand)
 m - a ring of fire (right hand)
Scrolls
 g - a scroll of blinking
 i - 2 scrolls of identify {unknown}
Potions
 c - 2 potions of curing
 d - 2 potions of haste
 e - 2 potions of magic
 f - a potion of berserk rage
 h - 2 potions of attraction {unknown}
 k - a potion of degeneration {unknown}
Miscellaneous
 l - a piece from Xom's chessboard (15/15)


   Skills:
 + Level 14.0 Fighting
 + Level 16.2 Polearms
 + Level 8.5 Armour
 + Level 7.7 Dodging
 + Level 7.4 Stealth


You had 10 spell levels left.
You didn't know any spells.
Your spell library was empty.

Dungeon Overview and Level Annotations

Branches:
Dungeon (1/1)

Altars:
Cheibriados
Dithmenos
Elyvilon
Fedhas
Gozag
Hepliaklqana
Kikubaaqudgha
Makhleb
Nemelex Xobeh
Okawaru
Qazlal
Ru
Sif Muna
Trog
Uskayaw
Vehumet
Wu Jian
Xom
Yredelemnul
Zin
The Shining One
Jiyva
Lugonu

Shops:
D =!!!=!(=*:[[(=[*


Innate Abilities, Weirdness & Mutations

You have razor-sharp teeth.
Your natural rate of healing is unusually fast.
When hurt, damage is shared between your health and your magic reserves.
Your bite disrupts and absorbs the magic of your enemies.
Potions cannot restore your health.


Message History

Your deep troll misses the golden dragon.
There is an open door here.
A red film seems to cover your vision as you go berserk!
You feel yourself moving faster!
You feel mighty!
The shadow dragon breathes negative energy at you.
The bolt of negative energy hits your deep troll!!
Your deep troll is drained!
The bolt of negative energy misses you. The golden dragon bites you!!
The golden dragon claws you. The golden dragon tramples you!
* * * LOW HITPOINT WARNING * * *
You hold your ground!
Your deep troll bites the shadow dragon!
Your deep troll closely misses the shadow dragon. x2
Found 54 gold pieces.
You slice the golden dragon!! You bite the golden dragon! You drain its power.
You feel invigorated.
The golden dragon is severely wounded.
Your deep troll bites the shadow dragon.
Your deep troll claws the shadow dragon.
Your deep troll claws the shadow dragon!!
The shadow dragon bites your deep troll.
The shadow dragon claws your deep troll!
The shadow dragon completely misses your deep troll.
The golden dragon bites you!
* * * LOW HITPOINT WARNING * * *
The golden dragon claws you.
* * * LOW HITPOINT WARNING * * *
The golden dragon misses you.
Found 81 gold pieces.
Unknown command.
You open the golden dragon like a pillowcase!!!
You kill the golden dragon!
Trog accepts your kill.
Your deep troll bites the shadow dragon.
Your deep troll claws the shadow dragon but does no damage.
Your deep troll barely misses the shadow dragon.
The shadow dragon breathes negative energy at you.
The bolt of negative energy misses your deep troll.
The bolt of negative energy hits you!!!
You feel drained.
You die...

##################
§§.§§§'..#^^'§§.§#
§§§§§##..'^^#§.§.##
#§§§#######+#§.§§.#
###+# #§§..§#
##§§§.# ###+## #T#
##+# ##@#....#
#§§T§§.§ #§§§§D§§§
#^....§.§
#...§.§)...
#.....:§....
##..§..§^..^ #$$
$$$ $$ ##$


You could see a shadow dragon (catching breath, ally target) and 2 friendly deep
trolls.

Vanquished Creatures
  A golden dragon (D)
  A hydra (D)
  2 centaur warriors (D)
  A deep troll (D)
  A lindwurm (D)
  An oklob plant (D)
  A gargoyle (D)
  2 unseen horrors (D)
  2 kobold demonologists (D)
  2 demonic crawlers (D)
  A hornet (D)
  A slime creature (D)
  Sigmund (D)
  2 redbacks (D)
  A yak (D)
  13 hogs (D)
  3 floating eyes (D)
  7 necrophages (D)
  An ogre (D)
  8 jellies (D)
  Ijyb (D)
53 creatures vanquished.

Vanquished Creatures (collateral kills)
  2 demonic crawlers (D)
2 creatures vanquished.

Vanquished Creatures (others)
  A gargoyle (D)
1 creature vanquished.

Grand Total: 56 creatures vanquished

Notes
Turn   | Place    | Note
-------+----------+-------------------------------------------
     0 | D        | mhtbhm the Vine Stalker Berserker began the quest for the
                  | Orb.
     0 | D        | Reached XP level 1. HP: 11/11 MP: 2/2
     1 | D        | Noticed Ijyb
    11 | D        | Killed Ijyb
    12 | D        | Reached skill level 4 in Polearms
    12 | D        | Reached XP level 2. HP: 8/17 MP: 1/3
    12 | D        | Reached XP level 3. HP: 10/21 MP: 1/4
   202 | D        | Noticed an ogre
   207 | D        | Killed an ogre
   208 | D        | Reached skill level 5 in Fighting
   208 | D        | Reached skill level 6 in Polearms
   208 | D        | Gained mutation: Your natural rate of healing is unusually
                  | fast. [Vine Stalker growth]
   208 | D        | Reached XP level 4. HP: 19/28 MP: 2/5
   250 | D        | Noticed Sigmund
   257 | D        | Killed Sigmund
   257 | D        | Reached ** piety under Trog
   258 | D        | Reached skill level 8 in Polearms
   258 | D        | Reached XP level 5. HP: 33/33 MP: 3/6
   258 | D        | Reached XP level 6. HP: 38/38 MP: 3/7
   306 | D        | Found an ornate altar of the Wu Jian Council.
   306 | D        | Found a shimmering blue altar of Sif Muna.
   308 | D        | Found a radiant altar of Vehumet.
   350 | D        | Found Qulyts's Jewellery Emporium.
   350 | D        | Found an ancient bone altar of Kikubaaqudgha.
   350 | D        | Found a hazy altar of Hepliaklqana.
   350 | D        | Found a stormy altar of Qazlal.
   350 | D        | Found a hide-covered altar of Uskayaw.
   350 | D        | Found a blossoming altar of Fedhas.
   350 | D        | Found a bloodstained altar of Trog.
   350 | D        | Found an iron altar of Okawaru.
   350 | D        | Found a basalt altar of Yredelemnul.
   350 | D        | Found a glowing golden altar of the Shining One.
   350 | D        | Found a snail-covered altar of Cheibriados.
   350 | D        | Found a sacrificial altar of Ru.
   350 | D        | Found a glowing silver altar of Zin.
   350 | D        | Found a shadowy altar of Dithmenos.
   350 | D        | Found a white marble altar of Elyvilon.
   350 | D        | Noticed a yak
   360 | D        | Killed a yak
   361 | D        | Reached skill level 9 in Polearms
   361 | D        | Reached XP level 7. HP: 26/44 MP: 3/8
   361 | D        | Found an opulent altar of Gozag.
   362 | D        | Found a sparkling altar of Nemelex Xobeh.
   389 | D        | Bought a ring of poison resistance for 240 gold pieces
   403 | D        | Found a burning altar of Makhleb.
   403 | D        | Found a viscous altar of Jiyva.
   403 | D        | Found a shimmering altar of Xom.
   403 | D        | Found a corrupted altar of Lugonu.
   403 | D        | Noticed a slime creature
   409 | D        | Killed a slime creature
   409 | D        | Reached *** piety under Trog
   410 | D        | Reached skill level 5 in Armour
   545 | D        | Noticed a kobold demonologist
   545 | D        | Noticed a kobold demonologist
   549 | D        | Paralysed by a floating eye for 3 turns
   554 | D        | Reached skill level 10 in Polearms
   558 | D        | Killed a kobold demonologist
   559 | D        | Gained mutation: You have razor-sharp teeth. [Vine Stalker
                  | growth]
   559 | D        | Reached XP level 8. HP: 50/50 MP: 9/9
   565 | D        | Killed a kobold demonologist
   565 | D        | Reached **** piety under Trog
   566 | D        | Reached skill level 10 in Fighting
   566 | D        | Reached skill level 11 in Polearms
   667 | D        | Noticed a centaur warrior
   670 | D        | Noticed a centaur warrior
   676 | D        | Killed a centaur warrior
   677 | D        | Reached skill level 12 in Polearms
   677 | D        | Reached skill level 5 in Dodging
   677 | D        | Reached skill level 1 in Stealth
   677 | D        | Reached XP level 9. HP: 35/55 MP: 4/10
   680 | D        | Killed a centaur warrior
   681 | D        | Reached skill level 13 in Polearms
   718 | D        | Noticed a deep troll
   730 | D        | Killed a deep troll
   737 | D        | Found Nuni's Armour Emporium.
   785 | D        | Noticed a hornet
   795 | D        | Killed a hornet
   795 | D        | Reached ***** piety under Trog
   835 | D        | Noticed an oklob plant
   844 | D        | Killed an oklob plant
   845 | D        | Reached XP level 10. HP: 29/62 MP: 11/11
   906 | D        | Reached skill level 14 in Polearms
   972 | D        | Killed an unseen horror
   975 | D        | Killed an unseen horror
  1072 | D        | Received a gift from Trog
  1082 | D        | Reached ****** piety under Trog
  1120 | D        | Identified the +9 bardiche of Ancient Evil {vorpal, Str+7}
                  | (Trog gifted it to you in the Dungeon)
  1120 | D        | Received a gift from Trog
  1123 | D        | Reached skill level 5 in Stealth
  1158 | D        | Found Teshelau's Distillery.
  1158 | D        | Found Wollit's Distillery.
  1158 | D        | Found Apnajog's Distillery.
  1160 | D        | Found Oczeob's Jewellery Emporium.
  1160 | D        | Found Pifeh's Distillery.
  1160 | D        | Found Hoampow's Antique Weapon Shoppe.
  1160 | D        | Found Qivific's Jewellery Boutique.
  1160 | D        | Found Xanusuc's Assorted Antiques.
  1160 | D        | Found Husmustro's Book Shop.
  1160 | D        | Found Dudghiom's Armour Shoppe.
  1162 | D        | Found Ybyhoaw's Armour Boutique.
  1163 | D        | Found Xuedoxk Ucig's Jewellery Emporium.
  1163 | D        | Found Gimeyt's Antique Weapon Boutique.
  1164 | D        | Found Xiopra's Assorted Antiques.
  1181 | D        | Bought a ring of fire for 325 gold pieces
  1184 | D        | Bought a potion of haste for 260 gold pieces
  1239 | D        | Killed a gargoyle
  1278 | D        | Noticed a gargoyle
  1282 | D        | Killed a gargoyle
  1283 | D        | Reached skill level 15 in Polearms
  1326 | D        | Noticed a lindwurm
  1330 | D        | Killed a lindwurm
  1330 | D        | Received a gift from Trog
  1331 | D        | Reached XP level 11. HP: 50/68 MP: 8/12
  1351 | D        | Received a gift from Trog
  1365 | D        | Received a gift from Trog
  1409 | D        | Noticed a 12-headed hydra
  1411 | D        | Killed a 14-headed hydra
  1412 | D        | Reached skill level 16 in Polearms
  1546 | D        | Noticed a shadow dragon
  1546 | D        | Noticed a golden dragon
  1553 | D        | Killed a golden dragon
  1553 | D        | Killed from afar by a shadow dragon

Illustrated notes

Levels and vault maps discovered:
D:        dungeon_sprint_1 [red_sonja_temple_1, red_sonja_temple_small_1]

Skill      XL: |  1  2  3  4  5  6  7  8  9 10 11 |
---------------+----------------------------------+-----
Fighting       | 4 5 7 8 9 10 12 13 14 | 14.0
Polearms       | 4 6 8 9 10 12 13 15 16 | 16.2
Armour         | 2 3 4 5 6 7 8 |  8.5
Dodging        | 2 3 4 5 6 7 |  7.7
Stealth        | 1 3 6 7 |  7.4

Action                   |  1- 3 |  4- 6 |  7- 9 | 10-12 || total
-------------------------+-------+-------+-------+-------++-------
Melee: Spear             |    13 |    18 |    56 |    59 ||   146
       Bite              |     3 |     5 |    19 |    38 ||    65
       Glaive            |       |       |       |    14 ||    14
       Bardiche          |       |       |       |    38 ||    38
Invok: Berserk           |     2 |     2 |     6 |     7 ||    17
       Brothers in Arms  |       |       |       |     3 ||     3
  Use: Scroll            |       |       |     1 |       ||     1
 Stab: Sleeping          |       |       |       |     5 ||     5
Armor: Leather armour    |       |       |     3 |       ||     3
       Troll leather arm |       |       |     1 |    17 ||    18
Dodge: Dodged            |     2 |     6 |    16 |    39 ||    63

Table legend: (Time is in decaauts)
 A = Elapsed time spent in this place.
 B = Non-inter-level travel time spent in this place.
 C = Inter-level travel time spent in this place.
 D = Time resting spent in this place.
 E = Time spent auto-exploring this place.
 F = Levels seen in this place.
 G = Mean time per level.
                   A        B        C        D        E       F      G
               +--------+--------+--------+--------+--------+-----+--------+
         Total |   1618 |   1618 |      0 |    877 |      1 |   1 | 1618.0 |
       Dungeon |   1618 |   1618 |      0 |    877 |      1 |   1 | 1618.0 |
               +--------+--------+--------+--------+--------+-----+--------+

Top non-repeatable levels by time:
       D: 1618 daAuts
